 Dungeon Crawl Stone Soup version 0.22-a0-280-g69bf1f3 (webtiles) character file.

86 medis the Chopper (level 4, 19/42 HPs)
             Began as a Deep Dwarf Fighter on Mar 16, 2018.
             Quit the game on level 2 of the Dungeon.
             The game lasted 00:03:08 (993 turns).

medis the Chopper (Deep Dwarf Fighter)               Turns: 993, Time: 00:03:09

Health: 19/42      AC:  8    Str: 20    XL:     4   Next: 26%
Magic:  4/4        EV:  7    Int:  9    God:
Gold:   52         SH:  9    Dex: 12    Spells: 3/3 levels left

rFire    . . .     SeeInvis .   a - +0 war axe
rCold    . . .     Gourm    .   c - +0 shield
rNeg     . . .     Faith    .   b - +0 scale mail
rPois    .         Spirit   .   (no helmet)
rElec    .         Reflect  .   (no cloak)
rCorr    .         Harm     .   j - +0 pair of gloves
MR       .....                  (no boots)
Stlth    ..........             (no amulet)
HPRegen  0.00/turn              (no ring)
MPRegen  0.09/turn              (no ring)

@: non-regenerating
A: damage resistance, heal wounds, sense surroundings 1, no regeneration
a: Heal Wounds


You were on level 2 of the Dungeon.
You were not hungry.

You visited 1 branch of the dungeon, and saw 2 of its levels.

You collected 52 gold pieces.

Inventory:

Hand Weapons
 a - a +0 war axe (weapon)
 e - a +0 hunting sling
Armour
 b - a +0 scale mail (worn)
 c - a +0 shield (worn)
 j - a +0 pair of gloves (worn)
Scrolls
 k - a scroll of amnesia {unknown}
Potions
 d - a potion of might
 i - a potion of lignification {unknown}
 l - a potion of heal wounds {unknown}
Comestibles
 f - 4 rations
 g - a chunk of flesh


   Skills:
 + Level 3.2 Fighting
 * Level 3.8 Axes
 - Level 3.6 Armour
 - Level 1.2 Stealth
 + Level 3.6 Shields


You had 3 spell levels left.
You didn't know any spells.

Dungeon Overview and Level Annotations

Branches:
Dungeon (2/15)

Altars:
Gozag


Innate Abilities, Weirdness & Mutations

You are resistant to damage.
You can heal yourself by infusing magical energy.
You passively map a small area around you.
You do not regenerate.


Message History

You slash the hound!
You kill the hound!
You have reached level 4!
You feel clever.
You see here a hound corpse.
You butcher the hound corpse.
g - 2 chunks of flesh You start waiting.
Done waiting.
You start waiting.
Eating one of 2 chunks of flesh.
You eat one of the 2 chunks of flesh.
This raw flesh tastes terrible.
Done waiting.
Found 18 gold pieces.
There is an opulent altar of Gozag here.
Quiver which item? (- for none, * to show all) (? for menu, Esc to quit)
Okay, then.
Unknown command.
Press < or > to pray at altars.
Are you sure you want to abandon this character and quit the game? (Confirm with "yes".)

* ### , $.# * * **
* #.# #.#
########.#
#.....##.#######
###..........#####
*
#@...#######......
*,#.#..# #.##### *
......# #.# ,
,,.....#..#
#.##### * *
..........#
#......
######....#
#.##### ,
.....#######.# *
#.#......<...#
##.......#.#


There were no monsters in sight!

Vanquished Creatures
  A hound (D:2)
  2 adders (D:1)
  An ooze (D:1)
  2 dart slugs (D:1)
  2 ball pythons (D:1)
  4 giant cockroaches (D:1)
  A hobgoblin (D:1)
  6 bats (D:1)
  3 frilled lizards (D:1)
  3 goblins (D:1)
  2 kobolds (D:1)
  3 rats (D:1)
30 creatures vanquished.

Notes
Turn   | Place    | Note
-------+----------+-------------------------------------------
     0 | D:1      | medis the Deep Dwarf Fighter began the quest for the Orb.
     0 | D:1      | Reached XP level 1. HP: 20/20 MP: 1/1
    90 | D:1      | Reached XP level 2. HP: 27/27 MP: 2/2
   225 | D:1      | Reached skill level 1 in Stealth
   512 | D:1      | Reached XP level 3. HP: 28/33 MP: 3/3
   757 | D:2      | Found an opulent altar of Gozag.
   782 | D:2      | Reached XP level 4. HP: 19/42 MP: 4/4
   993 | D:2      | Quit the game

Vault maps used:
D:1:      dpeg_arrival_refuge, minmay_tetromino_s4
D:2:      overflow_temple_1_default, uniq_natasha

Skill      XL: |  1  2  3 |
---------------+----------+-----
Axes           | 3 |  3.8
Stealth        | 1 |  1.2
Fighting       | 3 |  3.2
Armour         | |  3.6
Shields        | |  3.6

Action                   |  1- 3 |  4- 6 || total
-------------------------+-------+-------++-------
Melee: War axe           |   145 |       ||   145
  Use: Potion            |     1 |       ||     1
  Eat: Chunk             |       |     1 ||     1
Armor: Scale mail        |   102 |       ||   102
Dodge: Dodged            |    62 |       ||    62
Block: Shield            |    80 |       ||    80

Table legend:
 A = Spawn XP
 B = Non-spawn XP
 C = Spawn XP percentage of total XP
 D = Spawn monster count
 E = Non-spawn monster count
 F = Spawn count percentage of total count
 G = Total turns spent on level
                    A         B        C        D         E        F      G
               +---------+---------+-------+---------+---------+-------+---------
         Total |       0 |     123 |   0.0 |       0 |      30 |   0.0 |   993
               +---------+---------+-------+---------+---------+-------+---------
           D:1 |       0 |      78 |   0.0 |       0 |      29 |   0.0 |   734
           D:2 |       0 |      45 |   0.0 |       0 |       1 |   0.0 |   259
               +---------+---------+-------+---------+---------+-------+---------
